 Dungeon Crawl Stone Soup version 0.26.0-7-g794d0892b4 (webtiles) character file.

Game seed: 2998608843178239196

9088 Jerry the Basher (level 11, -3/109 HPs)
             Began as a Troll Hunter on Jan 11, 2021.
             Was an Initiate of Gozag.
             Slain by a yak (9 damage)
             ... on level 1 of the Lair of Beasts.
             The game lasted 00:36:31 (9857 turns).

Jerry the Basher (Troll Hunter)                     Turns: 9857, Time: 00:36:31

Health: -3/109     AC:  7    Str: 24    XL:     11   Next: 18%
Magic:  10/10      EV: 15    Int:  8    God:    Gozag
Gold:   1601       SH:  0    Dex: 16    Spells: 10/10 levels left

rFire    . . .     SeeInvis .   k - +4 whip (venom)
rCold    . . .     Faith    .   (no shield)
rNeg     . . .     Spirit   .   b - +1 robe
rPois    +         Reflect  .   (helmet restricted)
rElec    .         Harm     .   (no cloak)
rCorr    .         Rampage  .   (gloves unavailable)
Will     .....                  (boots unavailable)
Stlth    ++........             (no amulet)
HPRegen  0.68/turn              m - ring of poison resistance
MPRegen  0.12/turn              a - +6 ring of dexterity

@: gold aura
A: large, unfitting armour, claws 3, regeneration 1, shaggy fur 1, tough skin 3
a: Renounce Religion, Potion Petition, Call Merchant, Bribe Branch


You were on level 1 of the Lair of Beasts.
You worshipped Gozag.
Gozag was most pleased with you.
You visited 3 branches of the dungeon, and saw 12 of its levels.
You also visited: Sewer.

You collected 1887 gold pieces.
You spent 193 gold pieces at shops.
You paid 93 gold pieces to Gozag.

Inventory:

Hand Weapons
 k - a +4 whip of venom (weapon)
 q - a +0 giant spiked club
Missiles
 c - 5 large rocks (quivered)
 d - 5 throwing nets
Armour
 b - a +1 robe (worn)
Jewellery
 a - a +6 ring of dexterity (right claw)
 m - a ring of poison resistance (left claw)
Wands
 e - a wand of random effects (45)
 l - a wand of acid (24)
 r - a wand of digging (7)
 v - a wand of iceblast (8)
Scrolls
 g - 2 scrolls of enchant armour
 j - 6 scrolls of remove curse
 o - 2 scrolls of identify
 u - 8 scrolls of teleportation
 B - a scroll of amnesia
Potions
 f - 2 potions of curing
 h - a potion of brilliance {unknown}
 i - a potion of invisibility
 n - 3 potions of heal wounds
 p - a potion of haste
 s - a potion of cancellation {unknown}
 t - 4 potions of flight
 w - 3 potions of attraction {unknown}
 x - 2 potions of mutation {unknown}
 z - a potion of berserk rage {unknown}
 A - 2 potions of magic {unknown}


   Skills:
 + Level 7.5 Fighting
 * Level 8.4 Maces & Flails
 - Level 6.3 Throwing
 + Level 4.9 Armour
 + Level 7.5 Dodging
 - Level 0.3 Stealth


You had 10 spell levels left.
You didn't know any spells.
Your spell library contained the following spells:

 Spells                   Type           Power        Failure   Level
 Magic Dart               Conj           0%           41%         1
 Sting                    Tmut/Pois      0%           41%         1
 Poisonous Vapours        Pois/Air       0%           54%         2
 Searing Ray              Conj           0%           54%         2
 Dazzling Flash           Conj/Hex       0%           78%         3
 Ignite Poison            Fire/Tmut/Pois 0%           78%         3
 Mephitic Cloud           Conj/Pois/Air  0%           78%         3
 Fulminant Prism          Conj/Hex       0%           99%         4
 Iskenderun's Mystic Bla  Conj/Tloc      0%           99%         4
 Olgreb's Toxic Radiance  Pois           0%           99%         4


Dungeon Overview and Level Annotations

Branches:
Dungeon (10/15)            Temple (1/1) D:4            Lair (1/6) D:10
  Sewer (visited)
    Orc: D:9-12

Altars:
Ashenzari
Cheibriados
Dithmenos
Elyvilon
Fedhas
Gozag
Hepliaklqana
Kikubaaqudgha
Makhleb
Nemelex Xobeh
Okawaru
Qazlal
Ru
Sif Muna
Trog
Uskayaw
Vehumet
Wu Jian
Xom
Yredelemnul
Zin
The Shining One

Shops:
D:5 *   D:7 (


Innate Abilities, Weirdness & Mutations

You are too large for most types of armour.
You have claws for hands.
Your natural rate of healing is unusually fast.
You are covered in fur. (AC +1)
You have extremely tough skin. (AC +3)


Message History

You hit the yak.
The yak looks as sick as possible!
The yak is lightly wounded.
A bullfrog comes into view.
The yak gores you. The yak gores you!
* * * LOW HITPOINT WARNING * * *
The bullfrog gives a loud, deep croak!
You hit the yak.
The yak looks as sick as possible!
The yak is moderately wounded.
You whack the yak!
The yak looks as sick as possible!
The yak is severely wounded.
A wolf comes into view.
The yak gores you!
* * * LOW HITPOINT WARNING * * *
The yak gores you!
* * * LOW HITPOINT WARNING * * *
You whack the yak!
The yak is poisoned.
The yak is moderately wounded.
The wolf closely misses you. The yak barely misses you. The yak gores you!
You die...
Your body crumbles into a pile of gold.

#..... ....... #....
.......## #... .... ...
#..# ##..+#$## #..#
#.$.....# ##..##
#..F...#.. ##P<..#
#F#....... ......#
#Y#....#.. .....##
#@Y#####.. .)...#
#Yh....... .....#
##......... .....##
#......#### #.....#
##.....#.. #....##
#........# #...>#
###.....+...
#....#########.#.....#...
#....................# .#


You could see 3 yaks, a wolf and a bullfrog.

Vanquished Creatures
  Harold (D:7)
  2 two-headed ogres
  2 trolls
  Grinder (D:3)
  A wraith (D:10)
  2 yaks (Lair:1)
  Menkaure (D:7)
  Duvessa (Temple)
  5 water moccasins
  2 orc warriors
  Purgy (D:3)
  2 sky beasts
  4 ice beasts
  A black bear (D:10)
  2 phantoms
  3 ogres
  4 centaurs
  A necrophage (D:7)
  A wolf (Lair:1)
  3 big kobolds
  Blork the orc (D:4)
  11 bullfrogs
  6 scorpions
  Dowan (Temple)
  8 wights (D:8)
  2 howler monkeys
  An electric eel (D:9)
  2 bullfrog zombies
  A centaur zombie (D:6)
  6 orc priests
  7 hounds
  6 jellies
  5 bullfrog skeletons
  4 iguanas
  Ijyb (D:4)
  A merfolk siren (Sewer)
  5 orc wizards
  7 worker ants
  A merfolk avatar (Sewer)
  2 hound zombies
  3 worker ant zombies
  Robin (D:3)
  A howler monkey zombie (D:8)
  A howler monkey skeleton (D:5)
  17 adders
  3 river rats (Sewer)
  A shadow imp (D:8)
  3 white imps
  2 ufetubi
  3 oozes
  An adder zombie (D:8)
  4 worms
  3 dart slugs
  5 leopard geckos
  20 orcs
  9 giant cockroaches
  11 goblins
  7 hobgoblins
  3 jackals (D:9)
  5 quokkas
  6 ball pythons
  7 bats
  10 frilled lizards
  3 goblin zombies (D:8)
  3 hobgoblin zombies (D:8)
  18 kobolds
  A kobold skeleton (D:8)
  4 kobold zombies (D:8)
  2 orc skeletons (D:8)
  2 orc zombies (D:8)
  A quokka skeleton (D:4)
  25 rats
303 creatures vanquished.

Vanquished Creatures (others)
  33 fungi (D:10)
  36 plants
69 creatures vanquished.

Grand Total: 372 creatures vanquished

Notes
Turn   | Place    | Note
-------+----------+-------------------------------------------
     0 | D:1      | Jerry the Troll Hunter began the quest for the Orb.
     0 | D:1      | Reached XP level 1. HP: 19/19 MP: 0/0
    45 | D:1      | Reached XP level 2. HP: 19/28 MP: 1/1
   284 | D:1      | You fall into a shaft and drop 1 floor!
   325 | D:2      | Reached XP level 3. HP: 26/35 MP: 2/2
   884 | D:3      | Reached XP level 4. HP: 44/44 MP: 3/3
   900 | D:3      | Reached XP level 5. HP: 50/52 MP: 4/4
   957 | D:3      | Found a faded altar of an unknown god.
  1106 | D:3      | Found an ancient bone altar of Kikubaaqudgha.
  1107 | D:3      | Found a blossoming altar of Fedhas.
  1121 | D:3      | Noticed Purgy
  1129 | D:3      | Killed Purgy
  1199 | D:3      | Noticed Robin
  1221 | D:3      | Killed Robin
  1222 | D:3      | Reached XP level 6. HP: 59/61 MP: 5/5
  1488 | D:3      | Noticed Grinder
  1496 | D:3      | Killed Grinder
  1497 | D:3      | Reached skill level 5 in Throwing
  1544 | D:3      | Found a glowing drain.
  1557 | Sewer    | Entered a sewer
  1660 | Sewer    | Reached XP level 7. HP: 59/68 MP: 6/6
  2239 | D:4      | Noticed Ijyb
  2255 | D:4      | Killed Ijyb
  2331 | D:4      | Noticed Blork the orc
  2342 | D:4      | Killed Blork the orc
  2451 | D:4      | Found a staircase to the Ecumenical Temple.
  2463 | Temple   | Entered the Ecumenical Temple
  2634 | Temple   | Became a worshipper of Gozag Ym Sagoz the Greedy
  2705 | D:4      | Noticed Dowan
  2706 | D:4      | Noticed Duvessa
  2733 | Temple   | Killed Dowan
  2737 | Temple   | Killed Duvessa
  2738 | Temple   | Reached XP level 8. HP: 15/79 MP: 7/7
  3117 | D:5      | Entered Level 5 of the Dungeon
  3242 | D:4      | Reached skill level 5 in Fighting
  3242 | D:4      | Reached skill level 5 in Dodging
  3346 | D:5      | Reached skill level 1 in Maces & Flails
  3645 | D:5      | Reached skill level 2 in Maces & Flails
  3842 | D:5      | Found Paskegeo's Assorted Antiques.
  3849 | D:5      | Bought a grey potion for 25 gold pieces
  3849 | D:5      | Bought a scroll of remove curse for 84 gold pieces
  3849 | D:5      | Bought a scroll of remove curse for 84 gold pieces
  3961 | D:5      | Found a stormy altar of Qazlal.
  4289 | D:6      | Reached skill level 3 in Maces & Flails
  4339 | D:6      | Reached skill level 1 in Armour
  4339 | D:6      | Reached XP level 9. HP: 75/88 MP: 8/8
  4646 | D:6      | Reached skill level 4 in Maces & Flails
  4745 | D:6      | Found a hazy altar of Hepliaklqana.
  5034 | D:7      | Found Vunkum's Antique Weapon Boutique.
  5207 | D:7      | Noticed a troll
  5216 | D:7      | Killed a troll
  5239 | D:7      | Reached skill level 5 in Maces & Flails
  5351 | D:7      | Noticed Menkaure
  5360 | D:7      | Killed Menkaure
  5653 | D:7      | Noticed Harold
  5673 | D:7      | Killed Harold
  5888 | D:8      | Reached skill level 6 in Maces & Flails
  5971 | D:8      | Noticed a two-headed ogre
  6017 | D:10     | Entered Level 10 of the Dungeon
  6021 | D:10     | Reached XP level 10. HP: 25/100 MP: 9/9
  6192 | D:9      | Killed a two-headed ogre
  6864 | D:8      | Found a glowing golden altar of the Shining One.
  7054 | D:8      | Reached skill level 7 in Maces & Flails
  7112 | D:8      | Found a shadowy altar of Dithmenos.
  8018 | D:9      | Noticed a two-headed ogre
  8069 | D:8      | Killed a two-headed ogre
  8554 | D:9      | Reached skill level 8 in Maces & Flails
  8888 | D:10     | Found a staircase to the Lair.
  8926 | D:10     | Reached XP level 11. HP: 81/109 MP: 10/10
  9735 | Lair:1   | Entered Level 1 of the Lair of Beasts
  9855 | Lair:1   | HP: 5/109 [yak (8)]
  9857 | Lair:1   | Slain by a yak

Illustrated notes

Levels and vault maps discovered:
D:1:      sevenhm_arrival_forest_fort_large_4, layout_rooms, serial_forest,
          infiniplex_forest_clump_small, infiniplex_forest_zigzag_1,
          infiniplex_forest_clump_diagonal, infiniplex_forest_corner_1,
          infiniplex_forest_zigzag_2, infiniplex_forest_end_2,
          infiniplex_forest_zigzag_2, infiniplex_forest_lined_room_
D:2:      layout_basic
D:3:      layout_loops_corners, grunt_temple_overflow_growth_and_decay,
          chequers_ecumenical_altar_twisty, cheibrodos_sewer_entry_drain,
          uniq_purgy, uniq_robin, uniq_grinder
D:4:      layout_basic, minmay_temple_entry_slanted, serial_bayou_pond_c,
          grunt_ministairs_2, uniq_ijyb, uniq_duvessa, uniq_blork_the_orc
D:5:      layout_basic, kennysheep_mini, serial_shops, shop
D:6:      layout_loops_ring, nzn_hepliaklqana_mist_gate
D:7:      layout_basic, serial_shops, shop_fountains, uniq_harold, uniq_menkaure
D:8:      layout_basic, nicolae_tso_besieged_by_evil,
          nicolae_dithmenos_shadow_blocks
D:9:      cheibrodos_helix_gallery, layout_long_grid
D:10:     layout_irregular_city, due_lair_maze_entry_diamond
Temple:   regret_index_temple_sphere_string
Lair:1:   layout_chaotic_city, grunt_forest_large_clearings

Skill      XL: |  1  2  3  4  5  6  7  8  9 10 |
---------------+-------------------------------+-----
Fighting       | 2 3 4 5 6 7 |  7.5
Dodging        | 2 3 4 5 6 7 |  7.5
Throwing       | 4 5 6 |  6.3
Maces & Flails | 3 6 8 |  8.4
Armour         | 1 3 4 |  4.9
Stealth        | |  0.3

Action                   |  1- 3 |  4- 6 |  7- 9 | 10-12 || total
-------------------------+-------+-------+-------+-------++-------
Melee: Short sword       |    29 |       |       |       ||    29
       Hand axe          |    53 |   134 |   245 |       ||   432
       Whip              |       |       |   247 |   558 ||   805
Throw: Large rock        |     4 |    11 |     8 |     3 ||    26
       Throwing net      |       |       |     2 |     2 ||     4
  Use: Scroll            |       |       |    17 |     4 ||    21
       Potion            |       |       |     5 |     3 ||     8
 Stab: Sleeping          |       |     2 |     5 |     2 ||     9
       Held in net/web   |       |       |     2 |     1 ||     3
       Invisible         |       |       |     1 |     9 ||    10
       Distracted        |       |       |       |     3 ||     3
Armor: Robe              |    39 |    58 |   165 |   124 ||   386
       Skin              |       |       |    12 |       ||    12
Dodge: Dodged            |    51 |   101 |   314 |   315 ||   781
